 Dungeon Crawl Stone Soup version 0.28.0-53-g5a82cb258f (webtiles) character file.

Game seed: 13652110062688415276

14439 suse60 the Protected (level 12, -24/103 HPs)
             Began as a Formicid Fighter on June 16, 2022.
             Was a Believer of Dithmenos.
             Killed from afar by Azrael (28 damage)
             ... with a fireball
             ... on level 12 of the Dungeon on June 19, 2022.
             The game lasted 01:22:45 (14553 turns).

suse60 the Protected (Formicid Fighter)            Turns: 14553, Time: 01:22:45

Health: -24/103    AC: 16    Str: 23    XL:     12   Next: 45%
Magic:  12/12      EV: 11    Int:  9    God:    Dithmenos [**....]
Gold:   617        SH: 11    Dex: 12    Spells: 11/11 levels left

rFire   . . .      SeeInvis +   s - +2 war axe (venom)
rCold   . . .      Faith    .   m - +2 buckler
rNeg    + . .      Spirit   .   j - +0 chain mail
rPois   .          Reflect  +   (helmet unavailable)
rElec   .          Harm     .   (no cloak)
rCorr   .          Rampage  .   v - +0 pair of gloves
Will    +....      Clarity  +   (no boots)
Stlth   ..........              g - amulet of reflection
HPRegen 0.27/turn               f - ring of positive energy
MPRegen 0.13/turn               (no ring)

@: wreathed by umbra, studying Armour
A: permanent stasis, dig shafts and tunnels, antennae 3, four strong arms,
iridescent scales 1, clarity
a: Dig, Shaft Self, Renounce Religion, Shadow Step


You were on level 12 of the Dungeon.
You worshipped Dithmenos.
Dithmenos was pleased with you.
You visited 2 branches of the dungeon, and saw 13 of its levels.
You also visited: Ossuary.

You collected 680 gold pieces.
You spent 63 gold pieces at shops.

Inventory:

Hand Weapons
 h - a +7 double sword
 q - a +2 spear of flaming
 s - a +2 war axe of venom (weapon)
Missiles
 c - 17 javelins (quivered)
 d - a throwing net
Armour
 j - a +0 chain mail (worn)
 m - a +2 buckler (worn)
 v - a +0 pair of gloves (worn)
Jewellery
 f - a ring of positive energy (left hand)
 g - an amulet of reflection (around neck)
Wands
 b - a wand of iceblast (11)
 p - a wand of digging (4)
 t - a wand of flame (5)
Potions
 a - a potion of berserk rage {unknown}
 e - 3 potions of curing
 i - 5 potions of flight
 l - a potion of ambrosia
 n - a potion of brilliance


   Skills:
 + Level 12.4 Fighting
 - Level 9.4 Axes
 - Level 14.2 Armour
 + Level 8.9 Dodging
 - Level 3.6 Shields


You had 11 spell levels left.
You didn't know any spells.
Your spell library contained the following spells:

 Spells                   Type           Power      Damage    Failure   Level
 Animate Skeleton         Necr           0%         N/A       93%         1
 Apportation              Tloc           0%         N/A       93%         1
 Magic Dart               Conj           0%         1d3       93%         1
 Slow                     Hex            0%         N/A       93%         1
 Sting                    Tmut/Pois      0%         1d3       93%         1
 Summon Small Mammal      Summ           0%         N/A       93%         1
 Call Imp                 Summ           0%         N/A       98%         2
 Poisonous Vapours        Pois/Air       0%         N/A       98%         2
 Confusing Touch          Hex            0%         N/A       100%        3
 Mephitic Cloud           Conj/Pois/Air  0%         N/A       100%        3
 Vampiric Draining        Necr           0%         2d6       100%        3
 Fulminant Prism          Conj/Hex       0%         3d6       100%        4
 Iskenderun's Mystic Bla  Conj/Tloc      0%         2d3       100%        4
 Olgreb's Toxic Radiance  Pois           0%         N/A       100%        4
 Lee's Rapid Deconstruct  Erth           0%         3d5*      100%        5


Dungeon Overview and Level Annotations

Branches:
Dungeon (12/15)            Temple (1/1) D:7            Lair (0/6) D:9
Ossuary (visited)
    Orc: D:9-12

Altars:
Dithmenos
The Shining One

Shops:
D:5 (   D:9 [

Annotations:
D:9 3 runed translucent doors, Garym's ghost, novice MiBe
D:10 Fannar
D:12 Azrael; Maurice


Innate Abilities, Weirdness & Mutations

You cannot be hasted, slowed, berserked, paralysed or teleported.
You can dig through walls and to a lower floor.
You have a pair of large antennae on your head. (SInv)
Your four strong arms can wield two-handed weapons with a shield.
You are partially covered in iridescent scales. (AC +2)
You possess an exceptional clarity of mind.


Message History

* * * LOW HITPOINT WARNING * * *
You slash Gastronok!
You kill Gastronok!
Dithmenos accepts your kill.
The quokka disappears in a puff of smoke!
You slash the fire elemental! You hit the fire elemental.
You miss the hell hound. You block the hell hound's attack.
The fire elemental hits you. The fire elemental burns you!
* * * LOW HITPOINT WARNING * * *
The fire elemental hits you. The fire elemental burns you!
* * * LOW HITPOINT WARNING * * *
The hell hound breathes flames at you. The blast of flame misses you.
The fire elemental barely misses you. You block the fire elemental's attack.
The fire elemental completely misses you.
You block the hell hound's attack. The fire elemental hits you.
The fire elemental burns you!
* * * LOW HITPOINT WARNING * * *
The fire elemental closely misses you.
The hell hound bites you but does no damage.
The hell hound closely misses you.
The hell hound bites you but does no damage.
The fire elemental hits you. The fire elemental burns you!
* * * LOW HITPOINT WARNING * * *
You block the hell hound's attack. You block Azrael's attack.
The hell hound breathes flames at you.
The blast of flame hits the fire elemental.
The fire elemental completely resists.
The blast of flame hits you.
* * * LOW HITPOINT WARNING * * *
The fire elemental hits you. The fire elemental burns you!
* * * LOW HITPOINT WARNING * * *
You block the fire elemental's attack. x2
The hell hound breathes flames at you. The blast of flame hits you.
* * * LOW HITPOINT WARNING * * *
Azrael gestures at you.
The fireball explodes!
The fireball engulfs the hell hound.
The hell hound completely resists.
The fireball engulfs you!!
You die...

........○☼○☼..##
......#..#E°...#
... #..####°..#
#.####..°#○.$.#
###..?..°{E○..$#
...#....#☼EE...#
........##ER..###
........#.☼......#
.......@hE......##
...^...†..........
......(..)W.....#.#
............p...###
.................#
.................#
.................
................


You could see Azrael, a death knight, 3 fire elementals, a wraith and a hell
hound.

Vanquished Creatures
  Gastronok (D:12)
  Josephine (D:11)
  A centaur warrior (D:11)
  A boulder beetle (D:11)
  2 two-headed ogres
  Urug (D:10)
  A gargoyle (D:12)
  Maggie (D:6)
  2 kobold demonologists
  Psyche (D:10)
  A freezing wraith (D:11)
  A slime creature (D:12)
  2 vampires (D:11)
  Sigmund (D:4)
  6 wraiths
  5 yaks (D:6)
  4 wyverns
  4 vampire mosquitoes (D:11)
  3 water moccasins
  An acid dragon (D:11)
  A hell hound (D:12)
  3 orc warriors
  A black bear (D:7)
  A hornet zombie (D:8)
  2 ice beasts (D:7)
  A sky beast (D:6)
  A necrophage (D:6)
  2 ogres (D:7)
  7 centaurs
  A phantom (D:4)
  2 kobold brigands (D:9)
  A gnoll sergeant (D:9)
  5 bullfrogs
  A wyvern zombie (D:5)
  2 scorpions (D:4)
  4 water moccasin zombies (Ossuary)
  A wyvern skeleton (D:6)
  A water moccasin skeleton (D:4)
  10 killer bees
  7 howler monkeys
  2 centaur zombies (D:9)
  A centaur skeleton (D:4)
  2 hounds
  A gnoll shaman (D:10)
  6 orc priests
  9 orc wizards
  A hound skeleton (D:5)
  3 mummies
  A howler monkey zombie (D:9)
  17 gnolls
  6 adders
  2 shadow imps
  4 white imps
  4 adder zombies (Ossuary)
  3 dart slugs
  26 orcs
  4 ball pythons
  4 bats (D:1)
  7 endoplasms
  5 giant cockroaches
  11 goblins
  5 hobgoblins
  13 jackals
  3 quokkas
  3 frilled lizards
  3 gnoll zombies (Ossuary)
  A goblin zombie (D:4)
  14 hobgoblin zombies
  11 kobolds
  3 kobold zombies (Ossuary)
  3 orc zombies (Ossuary)
  6 rats
278 creatures vanquished.

Vanquished Creatures (others)
  20 plants (D:4)
  3 withered plants (D:2)
23 creatures vanquished.

Grand Total: 301 creatures vanquished

Notes
Turn   | Place    | Note
-------+----------+-------------------------------------------
     0 | D:1      | suse60 the Formicid Fighter began the quest for the Orb.
     0 | D:1      | Reached XP level 1. HP: 18/18 MP: 1/1
     8 | D:1      | Noticed a centaur
    82 | D:1      | Reached XP level 2. HP: 19/24 MP: 2/2
   252 | D:1      | Reached XP level 3. HP: 30/30 MP: 3/3
  1323 | D:2      | Reached XP level 4. HP: 37/37 MP: 4/4
  1585 | D:2      | Found a faded altar of an unknown god.
  1789 | D:3      | Identified the +1 leather armour "Moruuxare" {rC+}
  1940 | D:3      | Reached XP level 5. HP: 41/43 MP: 5/5
  2147 | D:3      | Reached skill level 5 in Fighting
  2731 | D:4      | Reached XP level 6. HP: 42/51 MP: 6/6
  2798 | D:4      | Reached skill level 5 in Axes
  2810 | D:4      | Reached XP level 7. HP: 30/58 MP: 7/7
  2858 | D:4      | Found a sand-covered staircase.
  2865 | Ossuary  | Entered an ossuary
  3252 | Ossuary  | Reached XP level 8. HP: 67/67 MP: 8/8
  3409 | D:4      | Noticed Sigmund
  3458 | D:4      | Killed Sigmund
  3928 | D:5      | Entered Level 5 of the Dungeon
  4070 | D:5      | Found a glowing golden altar of the Shining One.
  4085 | D:5      | Found Noifamumi's Antique Weapon Emporium.
  4368 | D:5      | Gained mutation: You are frail. (-10% HP) [potion of
                  | mutation]
  4613 | D:6      | Lost mutation: You are frail. (-10% HP) [potion of
                  | mutation]
  4613 | D:6      | Gained mutation: You possess an exceptional clarity of
                  | mind. [potion of mutation]
  4613 | D:6      | Gained mutation: You are partially covered in iridescent
                  | scales. (AC +2) [potion of mutation]
  4700 | D:6      | Reached XP level 9. HP: 64/75 MP: 9/9
  5005 | D:6      | Noticed Maggie
  5024 | D:6      | Reached skill level 1 in Dodging
  5052 | D:6      | Killed Maggie
  5061 | D:6      | Reached XP level 10. HP: 27/83 MP: 10/10
  6021 | D:6      | Reached skill level 5 in Dodging
  6921 | D:7      | Found a staircase to the Ecumenical Temple.
  6929 | Temple   | Entered the Ecumenical Temple
  6939 | Temple   | Became a worshipper of Dithmenos the Shadowed
  7582 | D:8      | Reached skill level 4 in Armour
  7917 | D:8      | Reached skill level 5 in Armour
  7978 | D:8      | Reached skill level 6 in Armour
  8139 | D:8      | Reached * piety under Dithmenos
  8147 | D:8      | Reached skill level 7 in Armour
  8211 | D:8      | Noticed a two-headed ogre
  8219 | D:8      | Killed a two-headed ogre
  8220 | D:8      | Reached skill level 9 in Armour
  8437 | D:9      | Noticed a kobold demonologist
  8497 | D:9      | Reached skill level 10 in Armour
  8518 | D:9      | Reached XP level 11. HP: 60/89 MP: 11/11
  8532 | D:9      | You fall into a shaft and drop 2 floors!
  8875 | D:11     | Noticed a boulder beetle
  8913 | D:11     | Killed a boulder beetle
  8914 | D:11     | Reached skill level 11 in Armour
  9130 | D:11     | Reached skill level 12 in Armour
  9343 | D:10     | Entered Level 10 of the Dungeon
  9453 | D:9      | Found Meczoun's Armour Shoppe.
  9779 | D:9      | Bought a +0 pair of gloves for 63 gold pieces
  9913 | D:9      | Found a staircase to the Lair.
  9950 | D:9      | Found a runed translucent gate.
  9950 | D:9      | Found a runed translucent gate.
  9950 | D:9      | Found a runed translucent gate.
  9951 | D:9      | Noticed Garym's ghost (novice MiBe)
 10361 | D:9      | Reached skill level 13 in Armour
 10808 | D:10     | Noticed Psyche
 10828 | D:10     | Killed Psyche
 10847 | D:10     | Noticed a two-headed ogre
 10882 | D:10     | Killed a two-headed ogre
 10883 | D:10     | Reached skill level 10 in Fighting
 11123 | D:10     | Noticed Urug
 11153 | D:10     | Killed Urug
 11153 | D:10     | Reached ** piety under Dithmenos
 11879 | D:10     | Noticed Fannar
 11925 | D:9      | Reached skill level 14 in Armour
 12799 | D:11     | Noticed a centaur warrior
 12803 | D:11     | Noticed Josephine
 12806 | D:11     | Killed a centaur warrior
 12814 | D:11     | Killed Josephine
 12815 | D:11     | Reached XP level 12. HP: 36/100 MP: 12/12
 13920 | D:12     | Noticed Gastronok
 14022 | D:12     | Noticed Maurice
 14023 | D:12     | Noticed a death knight
 14374 | D:12     | Noticed a soul eater
 14531 | D:12     | Noticed Azrael
 14535 | D:12     | Killed Gastronok
 14549 | D:12     | HP: 5/103 [fire elemental[Azrael] (11)]
 14553 | D:12     | Killed from afar by Azrael

Illustrated notes

Levels and vault maps discovered:
D:1:      evilmike_arrival_come_back, layout_basic
D:2:      layout_loops_corners, ebering_ecumenical_altar_petrified,
          minmay_tetromino_l2
D:3:      layout_loops_cross, minmay_stone_trees_medium, dk_vineyard_1,
          amethyst_killhole
D:4:      layout_rooms, serial_bayou, serial_bayou_pond_c, serial_bayou_pond_e,
          serial_bayou_shore_b, serial_bayou_shore_a,
          nicolae_ossuary_entry_giza, uniq_sigmund
D:5:      layout_layer_cave, lemuel_doored_altar, serial_shops,
          nicolae_shop_statue_plus, minmay_splitting_lines
D:6:      layout_loops_ring, uniq_maggie
D:7:      layout_basic, minmay_temple_entry_overgrown
D:8:      minmay_evil_eye, layout_gridville, minmay_manual_mail
D:9:      layout_small_grid, lair_entry_dummy, ebering_ghost_rock_garden,
          serial_shops, shop
D:10:     layout_grid_maze, grunt_ministairs_1, uniq_fannar, uniq_psyche,
          uniq_urug
D:11:     layout_grid_maze, uniq_josephine
D:12:     layout_cave_pools, minmay_orc_entry_temple_small,
          nemelex_spade_bored_becter, uniq_gastronok, uniq_maurice, uniq_azrael
Temple:   mainiacjoe_temple_hex_bubbles

Skill      XL: |  1  2  3  4  5  6  7  8  9 10 11 12 |
---------------+-------------------------------------+-----
Fighting       | 4 5 6 7 8 9 11 12 | 12.4
Axes           | 3 4 5 6 7 9 |  9.4
Dodging        | 4 7 8 |  8.9
Armour         | 10 14 | 14.2
Shields        | |  3.6

Action                   |  1- 3 |  4- 6 |  7- 9 | 10-12 || total
-------------------------+-------+-------+-------+-------++-------
Melee: War axe           |    86 |   122 |   285 |   517 ||  1010
Throw: Javelin           |       |       |       |    20 ||    20
 Abil: Shaft Self        |       |       |       |     1 ||     1
Evoke: Wand              |       |       |       |    12 ||    12
  Use: Potion            |     1 |     3 |     7 |     6 ||    17
       Scroll            |       |     3 |     8 |     9 ||    20
Armor: Scale mail        |    44 |    23 |       |       ||    67
       Chain mail        |       |    27 |    89 |   183 ||   299
Dodge: Dodged            |    39 |    28 |    56 |   199 ||   322
Block: Buckler           |    17 |    60 |   105 |   293 ||   475
       Reflection        |       |       |       |    15 ||    15
